 Dungeon Crawl Stone Soup version 0.31-a0-638-g26219f789d (webtiles) character file.

Game seed: 6642269327502176202

55 Conn the Firebug (level 3, -14/21 HPs)
             Began as an Octopode Fire Elementalist on Aug 27, 2023.
             Was an Initiate of Sif Muna.
             Demolished by an ogre
             ... wielding a +0 giant club
              (32 damage)
             ... on level 3 of the Dungeon.
             The game lasted 00:05:39 (2022 turns).

Conn the Firebug (Octopode Fire Elementalist)       Turns: 2022, Time: 00:05:40

Health: -14/21     AC:  1    Str:  7    XL:     3   Next: 93%
Magic:  10/15      EV: 13    Int: 19    God:    Sif Muna [......]
Gold:   132        SH:  0    Dex: 12    Spells: 5/6 levels left

rFire   . . .        c - +0 short sword
rCold   . . .        (no shield)
rNeg    . . .        (helmet restricted)
rPois   .            (no amulet)
rElec   .            h - ring of magical power
rCorr   .            (no ring)
SInv    .            (no ring)
Will    .....        (no ring)
Stlth   +++          (no ring)
HPRegen 0.23/turn    (no ring)
MPRegen 0.14/turn    (no ring)
                     (no ring)

%: no passive effects
@: about to teleport, weak-willed, very slightly contaminated
A: almost no armour, amphibious, 8 rings, camouflage 1, gelatinous body 1,
(nimble swimmer 1), tentacles
a: Renounce Religion


You were on level 3 of the Dungeon.
You worshipped Sif Muna.
Sif Muna was noncommittal.
You visited 1 branch of the dungeon, and saw 3 of its levels.

You collected 132 gold pieces.

Inventory:

Hand Weapons
 c - a +0 short sword (weapon)
Jewellery
 h - a ring of magical power (left tentacle)
 o - an amulet of the acrobat
Scrolls
 d - a scroll of vulnerability
 e - a scroll of teleportation
 f - 2 scrolls of blinking {unknown}
 g - 5 scrolls of identify {unknown}
 i - a scroll of enchant armour {unknown}
 j - a scroll of noise {unknown}
 l - a scroll of butterflies {unknown}
 m - a scroll of revelation {unknown}
 n - a scroll of fog {unknown}
Potions
 a - a potion of magic
 b - 3 potions of curing {unknown}
 k - a potion of brilliance {unknown}


   Skills:
 + Level 0.2 Short Blades
 + Level 2.4 Dodging
 + Level 3.1 Stealth
 + Level 0.2 Unarmed Combat
 + Level 2.4 Spellcasting
 + Level 1.6 Conjurations
 + Level 3.5 Fire Magic


You had 5 spell levels left.
You knew the following spells:

 Your Spells              Type           Power      Damage    Failure   Level
a - Foxfire               Conj/Fire      48%        2x1d6     5%          1

Your spell library contained the following spells:

 Spells                   Type           Power      Damage    Failure   Level
 Scorch                   Fire           30%        2d6       6%          2
 Inner Flame              Hex/Fire       9%         N/A       24%         3
 Volatile Blastmotes      Fire/Tloc      18%        2d11      24%         3
 Vhi's Electric Charge    Tloc/Air       4%         N/A       43%         3
 Flame Wave               Conj/Fire      12%        2d6       50%         4
 Arcjolt                  Conj/Air       2%         1d12      97%         5
 Maxwell's Capacitive Co  Air            1%         ∞         100%        8


Dungeon Overview and Level Annotations

Branches:
Dungeon (3/15)

Altars:
Cheibriados
Elyvilon
Gozag
Hepliaklqana
Kikubaaqudgha
Sif Muna
Uskayaw
Vehumet
Zin
The Shining One

Annotations:
D:3 Grinder


Innate Abilities, Weirdness & Mutations

You cannot wear most types of armour.
You are amphibious.
You can wear up to eight rings at the same time.
Your skin changes colour to match your surroundings (Stealth+).
Your rubbery body absorbs attacks. (AC +1, EV +1)
((You are camouflaged when in or above water. (Stealth+)))
You have tentacles for arms and can constrict up to eight enemies at once.


Message History

The ogre is moderately wounded.
The foxfire hits the ogre.
The ogre is moderately wounded.
Grinder comes into view.
Unknown command.
Unknown command.
Unknown command.
Unknown command.
Unknown command.
Unknown command.
Unknown command.
Unknown command.
Unknown command.
Casting: Foxfire (safe; 5% risk of failure)
Confirm with . or Enter, or press ? or * to list all spells.
Okay, then.
Unknown command.
Unknown command.
Unknown command.
Unknown command.
You aren't carrying any items that you can evoke.
Unknown command.
Unknown command.
Okay, then.
Unknown command.
Unknown command.
Okay, then.
Unknown command.
Unknown command.
Unknown command.
Unknown command.
As you read the scroll labelled WUP ZOAQEOD, it crumbles to dust.
Grinder shouts!
Magic quickly surges around you.
It was a scroll of vulnerability.
The ogre barely misses you.
As you read the scroll labelled ZYAJ BIPNAORIA, it crumbles to dust.
You feel strangely unstable.
It was a scroll of teleportation.
The ogre hits you with a +0 giant club!!
Ouch! That really hurt!
You die...

# #._._._.# #
#...(...# #
#._._5_.# #
########.......# #
#......#._._._.#
#####......#....)..#
...........#.⌠.8O⌠.#
#####......#....@).#
.....#.#######...###
.......# #..##
####.#########S##
..<............#
##.#.########.##
#.#.# #.# #.#.# ...
#.#.# ....©


You could see Grinder (weak-willed), an ogre (weak-willed) and an adder
(weak-willed).

Vanquished Creatures
  2 worms
  2 dart slugs
  An orc (D:3)
  3 bats
  2 endoplasms
  A giant cockroach (D:3)
  5 goblins
  4 hobgoblins
  2 jackals (D:1)
  4 kobolds
  5 quokkas
  3 ball pythons
  4 frilled lizards
  2 rats
40 creatures vanquished.

Vanquished Creatures (others)
  142 foxfires
142 creatures vanquished.

Grand Total: 182 creatures vanquished

Notes
Turn   | Place    | Note
-------+----------+-------------------------------------------
     0 | D:1      | Conn the Octopode Fire Elementalist began the quest for the
                  | Orb.
     0 | D:1      | Reached XP level 1. HP: 11/11 MP: 3/3
   187 | D:1      | Reached XP level 2. HP: 14/17 MP: 1/5
   827 | D:1      | Reached XP level 3. HP: 13/21 MP: 6/6
   981 | D:1      | Found a faded altar of an unknown god.
   981 | D:1      | Noticed a rust devil
  1223 | D:2      | Found a shimmering blue altar of Sif Muna.
  1239 | D:2      | Became a worshipper of Sif Muna the Loreminder
  2009 | D:3      | Found an opulent altar of Gozag.
  2009 | D:3      | Found a snail-covered altar of Cheibriados.
  2010 | D:3      | Found a hazy altar of Hepliaklqana.
  2012 | D:3      | Found a glowing silver altar of Zin.
  2012 | D:3      | Found a glowing golden altar of the Shining One.
  2012 | D:3      | Found a white marble altar of Elyvilon.
  2014 | D:3      | Found an ancient bone altar of Kikubaaqudgha.
  2014 | D:3      | Found a radiant altar of Vehumet.
  2014 | D:3      | Found a hide-covered altar of Uskayaw.
  2014 | D:3      | Noticed an ogre
  2020 | D:3      | Noticed Grinder
  2022 | D:3      | Demolished by an ogre

Illustrated notes

Levels and vault maps discovered:
D:1:      sevenhm_arrival_forest_fort_large_2, layout_basic,
          dreamdust_ecumenical_altar_sealed_demon, amcnicky_mini_pool_small,
          roderic_malta_cross, st_stairs_10
D:2:      layout_rooms, basic_altar
D:3:      layout_basic, nicolae_overflows_in_rows, gammafunk_ghost_mausoleum,
          lightli_corner_chamber, uniq_grinder, uniq_jessica

Skill      XL: |  1  2  3 |
---------------+----------+-----
Stealth        | 3 |  3.1
Short Blades   | |  0.2
Dodging        | |  2.4
Unarmed Combat | |  0.2
Spellcasting   | |  2.4
Conjurations   | |  1.6
Fire Magic     | |  3.5

Action                     || total
---------------------------++-------
  Melee: Unarmed           ||     8
         Short sword       ||    36
         Tentacles         ||    10
         Constrict         ||    11
   Cast: Foxfire           ||    81
    Use: Scroll            ||     2
   Stab: Sleeping          ||     1
 Armour: Skin              ||     6
  Dodge: Dodged            ||    39

Table legend: (Time is in decaauts)
 A = Elapsed time spent in this place.
 B = Non-inter-level travel time spent in this place.
 C = Inter-level travel time spent in this place.
 D = Time resting spent in this place.
 E = Time spent auto-exploring this place.
 F = Levels seen in this place.
 G = Mean time per level.
                   A        B        C        D        E       F      G
               +--------+--------+--------+--------+--------+-----+--------+
         Total |   2020 |   1953 |     67 |      0 |   1469 |   3 |  673.3 |
       Dungeon |   2020 |   1953 |     67 |      0 |   1469 |   3 |  673.3 |
               +--------+--------+--------+--------+--------+-----+--------+

Top non-repeatable levels by time:
     D:1: 1222 daAuts
     D:2: 535 daAuts
     D:3: 262 daAuts
